 Dungeon Crawl Stone Soup version 0.22.0-49-gab54619674 (webtiles) character file.

443 JedernureinKreuz the Ducker (level 6, -1/48 HPs)
             Began as a Vampire Berserker on Sept 7, 2018.
             Was a Priest of Trog.
             Slain by an iguana (4 damage)
             ... on level 3 of the Dungeon.
             The game lasted 00:13:03 (2837 turns).

JedernureinKreuz the Ducker (Vampire Berserker)     Turns: 2837, Time: 00:13:04

Health: -1/48      AC:  3    Str: 17    XL:     6   Next: 71%
Magic:  6/6        EV: 14    Int: 10    God:    Trog [***...]
Gold:   149        SH:  0    Dex: 14    Spells: 5/5 levels left

rFire    . . .     SeeInvis +   m - +2 short sword (venom)
rCold    . . .     Gourm    .   (no shield)
rNeg     . . .     Faith    .   d - +0 leather armour (curse)
rPois    .         Spirit   .   (no helmet)
rElec    .         Reflect  .   (no cloak)
rCorr    .         Harm     .   (no gloves)
MR       .....                  (no boots)
Stlth    +.........             (no amulet)
HPRegen  0.36/turn              e - ring of see invisible
MPRegen  0.10/turn              (no ring)

@: regenerating quickly
A: fangs 3, see invisible, unbreathing
a: Berserk, Trog's Hand, Renounce Religion


You were on level 3 of the Dungeon.
You worshipped Trog.
Trog was most pleased with you.
You were almost alive.

You visited 1 branch of the dungeon, and saw 4 of its levels.

You collected 149 gold pieces.

Inventory:

Hand Weapons
 a - a +0 falchion
 i - a +0 club
 k - a +0 hunting sling
 m - a +2 short sword of venom (weapon)
 n - a +0 hunting sling
Armour
 b - a +0 animal skin
 d - a cursed +0 leather armour (worn)
 h - a +0 scale mail
 j - a +0 ring mail
 u - a +1 robe of positive energy
Jewellery
 e - a ring of see invisible (left hand)
 v - an uncursed amulet of guardian spirit {unknown}
Scrolls
 g - 2 scrolls of teleportation {unknown}
 p - a scroll of immolation {unknown}
 q - 3 scrolls of enchant armour {unknown}
 r - a scroll of enchant weapon {unknown}
 s - a scroll of fear {unknown}
 t - a scroll of amnesia {unknown}
 w - a scroll of identify
 x - a scroll of fog {unknown}
Potions
 c - 16 potions of blood
 f - a potion of invisibility
 l - 3 potions of heal wounds {unknown}
 o - a potion of flight {unknown}


   Skills:
 + Level 4.1 Fighting
 + Level 3.2(4.0) Short Blades
 - Level 3.2(3.8) Long Blades
 + Level 3.2 Armour
 + Level 4.4 Dodging


You had 5 spell levels left.
You didn't know any spells.
Your spell library was empty.

Dungeon Overview and Level Annotations

Branches:
Dungeon (4/15)
 Temple: D:4-7

Altars:
Ru


Innate Abilities, Weirdness & Mutations

Your natural rate of healing is unusually fast.
You have razor-sharp teeth.
You have supernaturally acute eyesight. (SInv)
You can survive without breathing.


Message History

The gnoll closely misses you.
Things that are here:
a hand axe; a gnoll corpse; an orc skeleton You hit the gnoll.
The gnoll is poisoned.
The gnoll is moderately wounded.
The gnoll misses you.
You puncture the gnoll!
The gnoll looks as sick as possible!
The gnoll is almost dead.
You kill the gnoll!
Trog accepts your kill.
You hit the iguana.
The iguana is poisoned.
The iguana is lightly wounded.
The iguana bites you!
* * * LOW HITPOINT WARNING * * *
You hit the iguana.
The iguana looks as sick as possible!
You bite the iguana.
The iguana is severely wounded.
You hit the iguana.
The iguana is almost dead.
The iguana bites you.
You die...

###########
..........######
...............###
................>#
..........#....#l#
..........#.####@#
..........#.# #.#
#########.#.####.#
....# #........#
....# #...######
....# ###.# ....#
#.#### ....#
#....#
##############.#


You could see an iguana.

Vanquished Creatures
  Sigmund (D:2)
  A scorpion (D:3)
  2 orc wizards
  A worker ant (D:4)
  2 gnolls (D:3)
  7 adders
  3 oozes
  A worm (D:2)
  A leopard gecko (D:3)
  7 orcs
  7 goblins
  9 hobgoblins
  A quokka (D:2)
  4 ball pythons
  5 bats
  4 frilled lizards
  7 kobolds
  7 rats
70 creatures vanquished.

Notes
Turn   | Place    | Note
-------+----------+-------------------------------------------
     0 | D:1      | JedernureinKreuz the Vampire Berserker began the quest for
                  | the Orb.
     0 | D:1      | Reached XP level 1. HP: 17/17 MP: 1/1
   237 | D:1      | Reached XP level 2. HP: 13/23 MP: 2/2
   801 | D:2      | Reached XP level 3. HP: 14/29 MP: 3/3
   814 | D:2      | HP: 1/29 [worm (5)]
  1056 | D:2      | Reached ** piety under Trog
  1056 | D:2      | Reached skill level 1 in Short Blades
  1095 | D:2      | Found a sacrificial altar of Ru.
  1110 | D:2      | Reached XP level 4. HP: 30/35 MP: 4/4
  1203 | D:2      | Noticed Sigmund
  1230 | D:2      | Killed Sigmund
  1230 | D:2      | Reached XP level 5. HP: 20/42 MP: 5/5
  1316 | D:2      | Reached XP level 6. HP: 15/48 MP: 6/6
  2314 | D:3      | Reached *** piety under Trog
  2835 | D:3      | HP: 2/48 [iguana (14)]
  2837 | D:3      | Slain by an iguana

Skill      XL: |  1  2  3  4  5  6 |
---------------+-------------------+-----
Fighting       | 3 4 |  4.1
Armour         | 2 3 |  3.2
Short Blades   | 1 2 3 |  3.2
Dodging        | 3 4 |  4.4
Long Blades    | |  3.2

Action                   |  1- 3 |  4- 6 || total
-------------------------+-------+-------++-------
Melee: Falchion          |    27 |       ||    27
       Bite              |     7 |    11 ||    18
       Short sword       |    38 |   112 ||   150
  Use: Scroll            |     2 |       ||     2
       Potion            |     2 |    11 ||    13
 Stab: Sleeping          |     1 |     4 ||     5
       Paralysed         |     1 |       ||     1
Armor: Leather armour    |    20 |    22 ||    42
Dodge: Dodged            |    41 |    83 ||   124
       Rpst.: Falchion   |    10 |       ||    10
